 Dungeon Crawl Stone Soup version 0.26-a0-259-g1effd001a9 (webtiles) character file.

Game seed: 15761623875874801921

6569 drasked the Destroyer (level 10, -3/59 HPs)
             Began as a Deep Elf Hedge Wizard on July 14, 2020.
             Was a Priest of Vehumet.
             Slain by a sixfirhy (11 damage)
             ... summoned by a kobold demonologist
             ... on level 9 of the Dungeon.
             The game lasted 00:41:46 (15296 turns).

drasked the Destroyer (Deep Elf Hedge Wizard)      Turns: 15296, Time: 00:41:46

Health: -3/59      AC: 10    Str:  7    XL:     10   Next: 70%
Magic:  19/19      EV: 19    Int: 23    God:    Vehumet [***...]
Gold:   360        SH: 10    Dex: 14    Spells: 11/19 levels left

rFire    . . .     SeeInvis .   k - +2 whip (flame)
rCold    . . .     Faith    .   l - +0 buckler
rNeg     . . .     Spirit   .   H - +0 robe {MR+} {MR+}
rPois    +         Reflect  +   g - +1 helmet
rElec    .         Harm     .   C - +1 cloak
rCorr    .                      n - +1 pair of gloves
MR       ++...                  v - +1 pair of boots
Stlth    ++........             m - amulet of reflection
HPRegen  0.19/turn              j - +4 ring of evasion
MPRegen  0.16/turn              P - ring of poison resistance {rPois, !d}

@: no status effects
A: no striking features
a: Renounce Religion


You were on level 9 of the Dungeon.
You worshipped Vehumet.
Vehumet was most pleased with you.
You were not hungry.

You visited 2 branches of the dungeon, and saw 10 of its levels.

You collected 568 gold pieces.
You spent 208 gold pieces at shops.

Inventory:

Hand Weapons
 k - a +2 whip of flaming (weapon)
   (You took it off an orc on level 3 of the Dungeon)
Missiles
 p - 26 poisoned darts (quivered)
 D - 6 curare-tipped darts
 K - 14 throwing nets {=f, !d=f}
Armour
 g - a +1 helmet (worn)
   (You found it on level 1 of the Dungeon)
 l - a +0 buckler (worn)
   (You found it on level 4 of the Dungeon)
 n - a +1 pair of gloves (worn)
   (You found it on level 4 of the Dungeon)
 v - a +1 pair of boots (worn)
   (You found it on level 3 of the Dungeon)
 C - a +1 cloak (worn)
   (You bought it in a shop on level 7 of the Dungeon)
 H - a +0 robe of magic resistance (worn) {MR+}
   (You took it off an orc wizard on level 8 of the Dungeon)
 J - a +0 kite shield
   (You took it off a gnoll sergeant on level 8 of the Dungeon)
Jewellery
 j - a +4 ring of evasion (left hand)
   (You found it on level 7 of the Dungeon)
 m - an amulet of reflection (around neck)
   (You found it on level 4 of the Dungeon)
 L - an uncursed ring of fire {rF+, rC-rF+, rC-}
   (You found it on level 9 of the Dungeon)
 P - a ring of poison resistance (right hand) {rPois, !d}
   (You took it off an orc warrior on level 8 of the Dungeon)
Wands
 x - a wand of polymorph (10)
   (You took it off Ijyb on level 4 of the Dungeon)
 A - a wand of flame (36)
   (You found it on level 6 of the Dungeon)
Scrolls
 c - a scroll of immolation {!r!r}
 d - a scroll of brand weapon {unknown}
 f - a scroll of fog
 o - 5 scrolls of teleportation
 r - a scroll of fear {unknown}
 t - 3 scrolls of enchant armour
 w - 3 scrolls of remove curse
 y - a scroll of amnesia {unknown}
 B - a scroll of blinking {!r!r}
 E - 2 scrolls of noise {unknown}
 F - a scroll of magic mapping {unknown}
 I - a scroll of enchant weapon {unknown}
Potions
 a - 3 potions of cancellation
 b - 2 potions of stabbing
 h - a potion of haste
 q - 3 potions of curing
 s - a potion of lignification {!q!q}
 u - 4 potions of flight
 z - a potion of brilliance
 G - a potion of heal wounds {unknown}
Comestibles
 e - 19 rations


   Skills:
 - Level 5.0 Fighting
 - Level 5.0 Dodging
 - Level 2.4 Stealth
 - Level 4.0 Shields
 - Level 5.0 Spellcasting
 + Level 13.9 Conjurations
   Level 1.1 Summonings
 - Level 2.0 Translocations
 - Level 2.0 Air Magic
 - Level 2.0 Poison Magic


You had 11 spell levels left.
You knew the following spells:

 Your Spells              Type           Power        Failure   Level
a - Magic Dart            Conj           ####         1%          1
b - Blink                 Tloc           N/A          6%          2
c - Poisonous Vapours     Pois/Air       ##....       6%          2
x - Mephitic Cloud        Conj/Pois/Air  ####....     1%          3

Your spell library contained the following spells:

 Spells                   Type           Power        Failure   Level
 Inner Flame              Hex/Fire       #.......     8%          3
 Conjure Flame            Conj/Fire      #####...     1%          3
 Sting                    Tmut/Pois      ##..         6%          1
 Summon Small Mammal      Summ           ##..         6%          1
 Ignite Poison            Fire/Tmut/Pois #.......     6%          3
 Call Imp                 Summ           ##......     9%          2
 Olgreb's Toxic Radiance  Pois           ##......     11%         4
 Gell's Gravitas          Tloc           ##........   12%         3
 Slow                     Hex            #.......     14%         2
 Call Canine Familiar     Summ           ##......     19%         3
 Summon Guardian Golem    Hex/Summ       #.......     22%         3
 Confusing Touch          Hex            #.......     28%         3
 Summon Lightning Spire   Summ/Air       ##......     45%         4
 Yara's Violent Unravell  Hex/Tmut       #.........   52%         5
 Summon Ice Beast         Ice/Summ       #.......     58%         4
 Petrify                  Tmut/Erth      #.......     67%         4
 Metabolic Englaciation   Hex/Ice        #.........   95%         5


Dungeon Overview and Level Annotations

Branches:
Dungeon (9/15)             Temple (1/1) D:6
   Lair: D:8-11         Orc: D:9-12

Altars:
Ashenzari
Cheibriados
Dithmenos
Elyvilon
Fedhas
Gozag
Hepliaklqana
Kikubaaqudgha
Makhleb
Nemelex Xobeh
Okawaru
Ru
Sif Muna
Trog
Uskayaw
Vehumet
Wu Jian
Xom
Yredelemnul
Zin
The Shining One

Shops:
D:4 ?   D:7 [   D:9 %*(


Message History

You feel your power returning.
You start resting.
Found Utun's Weapon Boutique.
You now have 342 gold pieces (gained 15).
b - 2 potions of stabbing (gained 1)
You see here a tin of tremorstones (3/3).
Found a stone staircase leading down.
There is an entrance to Utun's Weapon Boutique here.
A quokka comes into view.
A quokka is nearby!
Aim: a quokka The magic dart hits the quokka!
You kill the quokka!
You can't see any susceptible monsters within range! (Use Z to cast anyway.)
You can't see any susceptible monsters within range! (Use Z to cast anyway.)
You start resting.
Found an opulent altar of Gozag and a shattered altar of Ashenzari.
The quokka is too close now for your liking.
Aim: a quokka (wandering, hasn't noticed you)
The magic dart hits the quokka.
Aim: a quokka (moderately wounded)
The magic dart hits the quokka.
You kill the quokka!
You can't see any susceptible monsters within range! (Use Z to cast anyway.)
You can't see any susceptible monsters within range! (Use Z to cast anyway.)
You start resting.
Found a stone staircase leading down.
A bullfrog comes into view.
A bullfrog is nearby!
Aim: a bullfrog (asleep)
The magic dart hits the bullfrog!
The bullfrog gives a loud, deep croak!
Aim: a bullfrog (moderately wounded)
The magic dart hits the bullfrog!
Aim: a bullfrog (severely wounded)
The magic dart hits the bullfrog!
You kill the bullfrog!
You feel your power returning.
You can't see any susceptible monsters within range! (Use Z to cast anyway.)
You can't see any susceptible monsters within range! (Use Z to cast anyway.)
You start resting.
There is a stone staircase leading down here.
You now have 360 gold pieces (gained 18).
Found a stone staircase leading down.
A kobold demonologist comes into view.
It is wielding a +0 dagger and carrying a wand of acid (5).
Aim: a kobold demonologist, wielding a +0 dagger, wearing a +0 robe and carrying a wand of acid (5)
The ball explodes into a vile cloud!
The stinking cloud engulfs the kobold demonologist but does no damage.
You hear a shout! x2
The kobold demonologist is engulfed in noxious fumes.
The kobold demonologist casts a spell.
The kobold demonologist is engulfed in noxious fumes.
The kobold demonologist appears confused.
The kobold demonologist is engulfed in noxious fumes.
The kobold demonologist appears confused.
Aim: a kobold demonologist, wielding a +0 dagger, wearing a +0 robe and carrying a wand of acid (5) (lightly wounded, confused) Poisonous vapours surround the kobold demonologist!
The kobold demonologist is engulfed in poison gas.
The kobold demonologist is poisoned.
Aim: a kobold demonologist, wielding a +0 dagger, wearing a +0 robe and carrying a wand of acid (5) (lightly wounded, confused, poisoned) Poisonous vapours surround the kobold demonologist!
The kobold demonologist is engulfed in poison gas.
The kobold demonologist looks even sicker.
The kobold demonologist casts a spell.
You block the crimson imp's attack.
The crimson imp grins evilly.
The crimson imp blinks!
The crimson imp shouts, "Disclaim thyself, thou ducking crook-pated toady!"
The crimson imp hits you.
The kobold demonologist casts a spell.
You hear a shout!
The crimson imp blinks!
The iron imp shouts, "Surrender, thou droning sow-suckled pignut!"
The kobold demonologist begins to cast a cantrip, but forgets the words!
The kobold demonologist casts a spell.
The crimson imp blinks!
The sixfirhy hits you. The sixfirhy shocks you!
The crimson imp disappears in a puff of smoke!
The sixfirhy completely misses you.
The chaos spawn degenerates into a cloud of primal chaos!
The sixfirhy barely misses you. You block the sixfirhy's attack.
The sixfirhy barely misses you.
The kobold demonologist casts a cantrip, but nothing happens.
The sixfirhy closely misses you. You block the sixfirhy's attack.
The sixfirhy hits you but does no damage.
The sixfirhy completely misses you.
The sixfirhy hits you but does no damage.
The sixfirhy misses you. The sixfirhy hits you. The sixfirhy shocks you!
The sixfirhy misses you. You block the sixfirhy's attack.
The sixfirhy hits you!
* * * LOW HITPOINT WARNING * * *
The sixfirhy shocks you!
* * * LOW HITPOINT WARNING * * *
You block the sixfirhy's attack. The sixfirhy closely misses you.
The sixfirhy completely misses you. The sixfirhy hits you!
* * * LOW HITPOINT WARNING * * *
The sixfirhy shocks you!
You die...

#######################
.......<.....)........##
.......................##
........................##
.........................#.
...........................
..........@................
..........3......†.........
...........................
..........................
..........................
..........................
..........................
....................)...(.
..........................


You could see a sixfirhy (summoned).

Levels and vault maps discovered:
D:1:      lemuel_arrival_lava_pool, layout_rooms, nrook_uturn
D:2:      layout_basic, overflow_temple_1_default,
          chequers_ecumenical_altar_grove, first_ration,
          nicolae_gozag_seed_capital, uniq_sigmund, uniq_natasha
D:3:      corexii_shack_village, layout_loops_ring, grunt_temple_overflow_open,
          grunt_decor_fettered, uniq_purgy, uniq_jessica
D:4:      layout_loops_ring, kennysheep_mini, serial_shops, shop, uniq_ijyb
D:5:      layout_loops_corners, uniq_pikel
D:6:      layout_loops_ring, minmay_temple_entry_overgrown
D:7:      layout_basic, serial_shops, shop
D:8:      layout_cave_pools, xom_redecorated, led_sif_pool, serial_gnoll_camp,
          gnoll_camp_mini_hut, gnoll_camp_medium_01, gnoll_camp_huts_moat,
          gnoll_camp_medium_02, gnoll_camp_mini_sergeant,
          hangedman_pestilent_swarm, vehumet_altar_wand_db
D:9:      layout_big_octagon, chequers_temple_overflow_statue_of_worship,
          serial_shops, kennysheep_mini_moat, shop, nicolae_shop_trees,
          shop_fountains, basic_altar, uniq_grum
Temple:   dpeg_three_leaves_temple

Notes
Turn   | Place    | Note
-------+----------+-------------------------------------------
     0 | D:1      | drasked the Deep Elf Hedge Wizard began the quest for the
                  | Orb.
     0 | D:1      | Reached XP level 1. HP: 10/10 MP: 7/7
     9 | D:1      | Identified a +0 whip
   130 | D:1      | Identified a +0 club
   203 | D:1      | Reached XP level 2. HP: 15/15 MP: 2/9
   329 | D:1      | Reached skill level 2 in Conjurations
   379 | D:1      | Identified a +0 club
   416 | D:1      | Identified a +0 dagger
   419 | D:1      | Reached skill level 5 in Spellcasting
   521 | D:1      | Identified a +0 whip
   843 | D:1      | Identified a +1 helmet (You found it on level 1 of the
                  | Dungeon)
   896 | D:2      | Noticed Natasha
   901 | D:2      | Killed Natasha
   901 | D:2      | Reached skill level 3 in Conjurations
   901 | D:2      | Reached XP level 3. HP: 19/19 MP: 5/11
  1009 | D:2      | Identified a +0 club
  1032 | D:2      | Found an opulent altar of Gozag.
  1064 | D:2      | Noticed Natasha
  1070 | D:2      | Killed Natasha
  1070 | D:2      | Reached skill level 4 in Conjurations
  1070 | D:2      | Reached XP level 4. HP: 22/24 MP: 5/13
  1238 | D:2      | Noticed Natasha
  1245 | D:2      | Killed Natasha
  1447 | D:2      | Identified a +1 scythe of venom
  1447 | D:2      | Identified a +0 robe
  1447 | D:2      | Noticed Sigmund
  1455 | D:2      | Learned a level 2 spell: Blink
  1459 | D:2      | Learned a level 3 spell: Mephitic Cloud
  1538 | D:2      | Identified a +0 club
  1540 | D:2      | Identified a +0 club
  1775 | D:2      | Identified a +0 dagger
  1926 | D:2      | Found an iron altar of Okawaru.
  1954 | D:2      | Identified a +0 club
  2109 | D:2      | Found a faded altar of an unknown god.
  2109 | D:2      | You fall into a shaft and drop 2 floors!
  2200 | D:3      | Identified a +0 whip
  2200 | D:3      | Identified a +0 leather armour
  2200 | D:3      | Identified a +0 hand axe
  2200 | D:3      | Identified a +0 whip
  2200 | D:3      | Identified a +0 ring mail
  2200 | D:3      | Identified a +0 falchion
  2200 | D:3      | Identified a +0 club
  2201 | D:3      | Identified a +0 mace
  2215 | D:4      | Identified a +0 pair of gloves (You found it on level 4 of
                  | the Dungeon)
  2232 | D:4      | Identified an uncursed amulet of reflection (You found it
                  | on level 4 of the Dungeon)
  2234 | D:4      | Identified a +0 dagger
  2299 | D:4      | Identified a +0 dagger
  2299 | D:4      | Identified a +0 leather armour
  2299 | D:4      | Noticed Ijyb
  2378 | D:4      | Reached skill level 5 in Conjurations
  2378 | D:4      | Reached XP level 5. HP: 28/28 MP: 9/14
  2508 | D:4      | Found Geclowy's Magic Scroll Shop.
  2571 | D:4      | Bought a scroll of teleportation for 36 gold pieces
  2581 | D:4      | Identified 5 scrolls of identify
  2581 | D:4      | Identified 2 potions of cancellation
  2582 | D:4      | Identified a potion of degeneration
  2694 | D:4      | Identified a +0 cloak (You found it on level 4 of the
                  | Dungeon)
  2706 | D:3      | Identified a +0 dagger
  3058 | D:2      | Killed Sigmund
  3058 | D:2      | Reached skill level 1 in Shields
  3058 | D:2      | Reached skill level 1 in Air Magic
  3058 | D:2      | Reached skill level 1 in Poison Magic
  3058 | D:2      | Reached XP level 6. HP: 29/32 MP: 3/15
  3164 | D:3      | Identified a +0 dagger
  3202 | D:3      | Identified a +0 club
  3409 | D:3      | Identified a cursed -2 short sword
  3410 | D:3      | Identified a +0 dagger
  3414 | D:3      | Reached skill level 2 in Poison Magic
  3419 | D:3      | Identified a +0 short sword
  3475 | D:3      | Identified a +0 dagger
  3477 | D:3      | Identified a +0 hunting sling
  3477 | D:3      | Identified a +0 whip
  3508 | D:3      | Identified a +0 whip
  3600 | D:2      | Reached skill level 2 in Air Magic
  3733 | D:3      | Identified a +0 club
  3740 | D:3      | Identified a +1 pair of boots (You found it on level 3 of
                  | the Dungeon)
  3847 | D:3      | Identified a +2 whip of flaming
  3899 | D:3      | Identified a +0 club
  3980 | D:3      | Identified a +4 club
  3980 | D:3      | Identified a +0 robe
  3980 | D:3      | Noticed Jessica
  3986 | D:3      | Killed Jessica
  3986 | D:3      | Reached skill level 2 in Shields
  4028 | D:3      | Found an ornate altar of the Wu Jian Council.
  4028 | D:3      | Identified a +0 club
  4059 | D:3      | Found a radiant altar of Vehumet.
  4059 | D:3      | Identified a +0 club
  4075 | D:3      | Found a sparkling altar of Nemelex Xobeh.
  4075 | D:3      | Noticed Purgy
  4092 | D:3      | Found a sacrificial altar of Ru.
  4092 | D:3      | Identified a +0 mace
  4092 | D:3      | Identified a +0 ring mail
  4093 | D:3      | Found a shadowy altar of Dithmenos.
  4095 | D:3      | Became a worshipper of Vehumet
  4185 | D:2      | Identified 3 potions of flight
  4186 | D:2      | Identified 2 potions of curing
  4187 | D:2      | Identified a potion of stabbing
  4188 | D:2      | Identified a potion of haste
  4263 | D:3      | Reached skill level 6 in Conjurations
  4330 | D:3      | Identified a +0 long sword
  4372 | D:3      | Identified a +0 robe
  4478 | D:3      | Reached skill level 2 in Translocations
  4478 | D:3      | Reached XP level 7. HP: 31/36 MP: 9/16
  4642 | D:3      | Killed Purgy
  4887 | D:4      | Killed Ijyb
  5067 | D:4      | Found a bloodstained altar of Trog.
  5110 | D:5      | Entered Level 5 of the Dungeon
  5114 | D:5      | Identified a +0 shortbow
  5124 | D:5      | Reached skill level 3 in Shields
  5392 | D:5      | Reached skill level 7 in Conjurations
  5537 | D:5      | Identified a +2 whip of flaming
  5537 | D:5      | Identified a +0 robe
  5537 | D:5      | Noticed Pikel
  5581 | D:5      | Killed Pikel
  5581 | D:5      | Reached skill level 4 in Shields
  5581 | D:5      | Reached skill level 8 in Conjurations
  5581 | D:5      | Reached XP level 8. HP: 41/41 MP: 3/17
  6438 | D:5      | Identified a +0 buckler (You found it on level 4 of the
                  | Dungeon)
  6499 | D:6      | Found a staircase to the Ecumenical Temple.
  6506 | Temple   | Entered the Ecumenical Temple
  6623 | D:6      | Identified a +0 whip
  6632 | D:6      | Identified a +0 spear
  6632 | D:6      | Identified a +0 spear
  6633 | D:6      | Identified a +0 whip
  6633 | D:6      | Identified a +0 robe
  6676 | D:5      | Reached skill level 9 in Conjurations
  6884 | D:6      | Identified a +0 dagger
  6884 | D:6      | Identified a +0 robe
  6884 | D:6      | Identified a +0 club
  6884 | D:6      | Identified a +0 leather armour
  6884 | D:6      | Identified a +0 leather armour
  6884 | D:6      | Identified a +0 hand axe
  6885 | D:6      | Identified a +0 flail
  6911 | D:6      | Identified a +0 club
  7204 | D:6      | Identified a +0 dagger of protection
  7532 | D:6      | Identified a +0 spear
  7741 | D:6      | Reached skill level 10 in Conjurations
  7790 | D:6      | Reached * piety under Vehumet
  7790 | D:6      | Offered knowledge of Sandblast by Vehumet.
  8045 | D:7      | Identified a cursed -3 glaive
  8045 | D:7      | Identified a +0 chain mail
  8055 | D:7      | Identified a +0 dagger
  8055 | D:7      | Identified a +0 chain mail
  8057 | D:7      | Identified a +0 giant club
  8122 | D:6      | Identified a +0 hand axe
  8323 | D:7      | Found Fattatz's Antique Armour Shoppe.
  8328 | D:7      | Bought an embroidered cloak for 172 gold pieces
  8342 | D:7      | Identified a +1 cloak (You bought it in a shop on level 7
                  | of the Dungeon)
  8420 | D:7      | Reached XP level 9. HP: 45/45 MP: 7/18
  8802 | D:7      | Identified a +0 great sword
  8802 | D:7      | Identified a +0 robe
  8802 | D:7      | Identified a +4 dire flail of freezing
  8802 | D:7      | Identified a +0 robe
  8803 | D:7      | Identified a +0 battleaxe
  8803 | D:7      | Identified a +0 robe
  8829 | D:7      | Reached skill level 11 in Conjurations
  9526 | D:7      | Identified a ring of evasion (You found it on level 7 of
                  | the Dungeon)
  9527 | D:7      | Identified a potion of brilliance
  9641 | D:8      | Identified a +0 flail
  9641 | D:8      | Identified a +0 club
  9655 | D:8      | Identified a +0 whip
  9655 | D:8      | Identified a +0 leather armour
  9927 | D:8      | Identified a +0 short sword
  9928 | D:8      | Identified a +0 dagger
  9928 | D:8      | Identified a +0 robe of magic resistance
  9929 | D:8      | Identified a +0 broad axe
  9929 | D:8      | Identified a +0 chain mail
 10284 | D:8      | Reached skill level 12 in Conjurations
 10343 | D:8      | Identified a +0 club
 10343 | D:8      | Identified a +0 leather armour
 10343 | D:8      | Identified a +0 flail
 10345 | D:8      | Identified a +0 trident
 10345 | D:8      | Identified a +0 chain mail
 10345 | D:8      | Identified an uncursed ring of poison resistance
 10354 | D:8      | Identified a +0 dagger
 10354 | D:8      | Identified a +0 robe
 10370 | D:8      | Identified a +0 rapier
 10371 | D:8      | Identified a +0 flail
 10708 | D:8      | Identified a +0 halberd
 10712 | D:8      | Reached skill level 3 in Dodging
 10761 | D:8      | Identified a +0 hand axe of freezing
 10762 | D:8      | Identified a +0 flail
 10765 | D:8      | Identified a +0 giant spiked club
 10765 | D:8      | Identified a +0 giant club
 10765 | D:8      | Noticed a two-headed ogre
 10766 | D:8      | Identified a +0 whip
 10766 | D:8      | Identified a +0 leather armour
 11013 | D:8      | Offered knowledge of Shock by Vehumet.
 11042 | D:8      | Reached skill level 1 in Fighting
 11071 | D:8      | Identified a +0 whip
 11071 | D:8      | Identified a +0 whip
 11077 | D:8      | Reached ** piety under Vehumet
 11093 | D:8      | Identified a +0 flail
 11169 | D:8      | Identified a +0 whip
 11169 | D:8      | Identified a +0 robe
 11170 | D:8      | Identified a +0 trident
 11170 | D:8      | Identified a +0 scale mail
 11346 | D:8      | Identified a +0 club
 11520 | D:6      | Learned a level 2 spell: Poisonous Vapours
 11693 | D:7      | Killed a two-headed ogre
 11693 | D:7      | Reached skill level 2 in Fighting
 11693 | D:7      | Reached skill level 4 in Dodging
 12059 | D:8      | Identified a +0 halberd
 12175 | D:8      | Identified a +0 club
 12223 | D:8      | Identified a +0 spear
 12223 | D:8      | Identified a +0 ring mail
 12226 | D:8      | Identified a +0 flail
 12250 | D:8      | Reached skill level 5 in Dodging
 12250 | D:8      | Reached XP level 10. HP: 55/55 MP: 9/19
 12319 | D:8      | Identified a +0 chain mail
 12458 | D:8      | Identified a +0 dagger
 12637 | D:8      | Identified a +0 trident
 12637 | D:8      | Identified a +0 scale mail
 12640 | D:8      | Reached skill level 3 in Fighting
 12656 | D:8      | Identified a +0 club
 12656 | D:8      | Identified a cursed -2 robe
 12728 | D:8      | Identified a +0 club
 12728 | D:8      | Identified a +0 plate armour
 12841 | D:8      | Offered knowledge of Inner Flame by Vehumet.
 13036 | D:8      | Identified a +0 trident
 13036 | D:8      | Identified a +0 scale mail
 13130 | D:8      | Identified a +0 spear
 13283 | D:8      | Found a shimmering blue altar of Sif Muna.
 13316 | D:8      | Found a shimmering altar of Xom.
 13317 | D:8      | Found a shimmering altar of Xom.
 13317 | D:8      | Found a shimmering altar of Xom.
 13317 | D:8      | Found a shimmering altar of Xom.
 13317 | D:8      | Found a shimmering altar of Xom.
 13317 | D:8      | Found a shimmering altar of Xom.
 13317 | D:8      | Found a shimmering altar of Xom.
 13326 | D:8      | Found a radiant altar of Vehumet.
 13380 | D:8      | Identified a +0 spear
 13380 | D:8      | Identified a +0 scale mail
 13380 | D:8      | Identified a +0 kite shield
 13675 | D:8      | Reached skill level 4 in Fighting
 13675 | D:8      | Reached skill level 13 in Conjurations
 13760 | D:8      | Found a shimmering altar of Xom.
 13856 | D:8      | Identified a +0 ring mail
 14094 | D:9      | Identified a +1 spear
 14094 | D:9      | Identified a +0 animal skin
 14094 | D:9      | Noticed Grum
 14102 | D:9      | Identified a +0 dagger
 14102 | D:9      | Identified a +0 robe
 14109 | D:9      | Noticed a rust devil
 14109 | D:9      | Killed Grum
 14109 | D:9      | Identified a +0 club
 14109 | D:9      | Identified a cursed +0 whip
 14230 | D:9      | Identified a +0 shortbow
 14232 | D:9      | Identified a +0 giant club
 14240 | D:9      | Reached *** piety under Vehumet
 14497 | D:9      | Found Iniosow's Food Emporium.
 14617 | D:9      | Identified a ring of fire (You found it on level 9 of the
                  | Dungeon)
 14633 | D:9      | Identified a potion of lignification
 14634 | D:9      | Identified 2 scrolls of blinking
 14636 | D:9      | Identified 2 scrolls of fog
 14637 | D:9      | Identified 2 scrolls of immolation
 14638 | D:9      | Identified 4 scrolls of remove curse
 14639 | D:9      | Identified 4 scrolls of enchant armour
 14643 | D:9      | Found Neorph's Assorted Antiques.
 14696 | D:8      | HP: 10/58 [yak (16)]
 14702 | D:8      | Reached skill level 5 in Fighting
 15049 | D:9      | Found a glowing golden altar of the Shining One.
 15049 | D:9      | Identified a +0 giant club
 15147 | D:9      | Found Utun's Weapon Boutique.
 15184 | D:9      | Found an opulent altar of Gozag.
 15184 | D:9      | Found a shattered altar of Ashenzari.
 15248 | D:9      | Identified a +0 dagger
 15248 | D:9      | Identified a +0 robe
 15253 | D:9      | Identified an uncursed ring of protection from fire
 15262 | D:9      | Identified a +0 ring mail
 15274 | D:9      | Noticed a sixfirhy
 15296 | D:9      | HP: 8/59 [sixfirhy[a kobold demonologist] (8)]
 15296 | D:9      | Slain by a sixfirhy

Table legend:
 A = Turns spent in this place as a percentage of turns spent in the entire game.
 B = Non-inter-level travel turns spent in this place as a percentage of non-inter-level travel turns spent in the entire game.
 C = Inter-level travel turns spent in this place as a percentage of turns spent in this place.
 D = Turns resting spent in this place as a percentage of non-inter-level travel turns spent in this place.
 E = Turns spent auto-exploring this place as a percentage of non-inter-level travel turns spent in this place.
 F = Non-inter-level travel turns spent in this place divided by the number of levels of this place that you've seen.
                   A       B       C       D       E      F
               +-------+-------+-------+-------+-------+----------------------
         Total | 100.0 | 100.0 |   6.0 |  45.2 |  34.7 | 1437.7
       Dungeon |  99.5 |  99.5 |   5.9 |  45.4 |  34.4 | 1589.8
        Temple |   0.5 |   0.5 |  17.9 |   0.0 |  97.1 |  69.0
               +-------+-------+-------+-------+-------+----------------------

Table legend:
 A = Kills in this place as a percentage of kills in entire the game.
 B = Kills by you in this place as a percentage of kills by you in the entire game.
 C = Kills by friends in this place as a percentage of kills by friends in the entire game.
 D = Other kills in this place as a percentage of other kills in the entire game.
 E = Experience gained in this place as a percentage of experience gained in the entire game.
 F = Experience gained in this place divided by the number of levels of this place that you have seen.
                   A       B       C       D       E      F
               +-------+-------+-------+-------+-------+----------------------
         Total | 100.0 | 100.0 |   N/A | 100.0 | 100.0 | 938.5
       Dungeon | 100.0 | 100.0 |   N/A | 100.0 | 100.0 | 1042.8
               +-------+-------+-------+-------+-------+----------------------

Skill      XL: |  1  2  3  4  5  6  7  8  9 10 |
---------------+-------------------------------+-----
Conjurations   | 3 4 5 6 8 10 12 13 | 13.9
Spellcasting   | 5 |  5.0
Shields        | 1 2 4 |  4.0
Air Magic      | 1 2 |  2.0
Poison Magic   | 1 2 |  2.0
Translocations | 2 |  2.0
Dodging        | 5 |  5.0
Fighting       | 2 5 |  5.0
Stealth        | |  2.4
Summonings     | |  1.1

Action                   |  1- 3 |  4- 6 |  7- 9 | 10-12 || total
-------------------------+-------+-------+-------+-------++-------
Melee: Dagger            |       |     1 |       |       ||     1
       Whip              |       |     2 |    19 |    18 ||    39
Throw: Dart              |       |     3 |       |       ||     3
 Cast: Magic Dart        |    53 |   173 |   575 |   233 ||  1034
       Mephitic Cloud    |       |     2 |    29 |    12 ||    43
       Blink             |       |       |     1 |       ||     1
       Poisonous Vapours |       |       |    13 |    40 ||    53
  Use: Scroll            |       |     6 |     1 |     6 ||    13
 Stab: Sleeping          |       |     1 |       |       ||     1
       Distracted        |       |       |     1 |       ||     1
  Eat: Ration            |       |     3 |     7 |     3 ||    13
Armor: Robe              |     2 |    10 |    34 |    18 ||    64
       Skin              |       |       |     3 |       ||     3
Dodge: Dodged            |     2 |    26 |   118 |   104 ||   250
Block: Other             |       |    14 |     8 |       ||    22
       Reflection        |       |     4 |     9 |    11 ||    24
       Buckler           |       |       |    78 |    65 ||   143

Vanquished Creatures
  A two-headed ogre (D:7)
  Pikel (D:5)
  A troll (D:9)
  2 hornets (D:8)
  A hippogriff (D:8)
  Sigmund (D:2)
  3 yaks
  Grum (D:9)
  A soldier ant (D:8)
  Purgy (D:3)
  3 orc warriors
  2 black bears
  3 ogres
  3 wolves (D:9)
  2 centaurs
  7 bullfrogs
  5 gnoll sergeants (D:8)
  A wyvern skeleton (D:7)
  2 scorpions
  A water moccasin skeleton (D:6)
  3 wights (D:7)
  2 orc priests
  7 hounds
  4 gnoll shamans
  2 jellies
  3 orc wizards
  3 bullfrog skeletons (D:8)
  3 iguanas
  Jessica (D:3)
  3 worker ants
  Natasha (thrice) (D:2)
  Ijyb (D:4)
  A hound skeleton (D:8)
  2 worker ant zombies
  10 adders
  43 gnolls
  3 shadow imps
  A white imp (D:5)
  2 ufetubi
  2 oozes
  An adder zombie (D:9)
  2 adder skeletons
  2 worms
  5 dart slugs
  2 leopard geckos
  21 orcs
  5 giant cockroaches
  9 goblins
  8 hobgoblins
  13 jackals
  4 quokkas
  2 ball pythons
  9 bats
  3 frilled lizards
  10 kobolds
  A leopard gecko zombie (D:5)
  2 quokka skeletons
  5 rats
245 creatures vanquished.
